 Dungeon Sprint DCSS version 0.21-a0-338-g36cf2fc (webtiles) character file.

36683 Kidiri the Eclecticist (level 13, -12/82 HPs)
             Began as a Deep Elf Fire Elementalist on Oct 3, 2017.
             Was the Champion of Vehumet.
             Hit by a javelin of penetration thrown by a merfolk javelineer (24 damage)
             ... in the Dungeon (Sprint III: "The Ten Rune Challenge").
             The game lasted 00:36:45 (5985 turns).

Kidiri the Eclecticist (Deep Elf Fire Elementalist) Turns: 5985, Time: 00:36:46

Health: -12/82     AC: 19    Str: 15    XL:     13   Next: 54%
Magic:  39/39      EV: 18    Int: 35    God:    Vehumet [******]
Gold:   1234       SH:  6    Dex: 10    Spells: 1/53 levels left

rFire    . . .     SeeInvis .   p - +1 short sword (speed)
rCold    . . .     Gourm    .   a - +2 buckler
rNeg     . . .     Faith    .   i - +1 robe of Dibby {Str+3 Int+4 Dex-5}
rPois    .         Spirit   .   v - +1 helmet {Int+3}
rElec    .         Reflect  .   (no cloak)
rCorr    +         Harm     .   M - +1 pair of gloves {Str+3}
MR       +....     Clarity  +   u - +2 pair of boots Stlth +.........NoTele +
                                (no amulet)
HPRegen  0.23/turn              z - +4 ring of protection
MPRegen  0.26/turn              A - ring "Kesu" {rCorr Str+4}

@: hasted, slow
A: iridescent scales 1, rugged brown scales 1, clarity, clever 1
a: Renounce Religion


You were in the Dungeon.
You worshipped Vehumet.
Vehumet was exalted by your worship.
You were not hungry.

You visited 1 branch You collected 2455 gold pieces.
You spent 1221 gold pieces at shops.

Inventory:

Hand Weapons
 p - a +1 short sword of speed (weapon)
 B - the +4 quarterstaff of Dominance {drain, +Fly Dex+3}
   (You found it in the Dungeon)

   A truly terrible weapon, it drains the life of those it strikes.
   It affects your dexterity (+3).
   It lets you fly.
Missiles
 e - 8 throwing nets (quivered)
Armour
 a - a +2 buckler (worn)
 i - the +1 robe of Dibby (worn) {Str+3 Int+4 Dex-5}
   (You bought it in a shop in the Dungeon)

   It affects your strength (+3).
   It affects your intelligence (+4).
   It affects your dexterity (-5).
 j - a +2 robe of fire resistance
 q - the +1 ring mail of Melancholy {+Blink MR- Regen+ Int-2}
   (You took it off a deep elf high priest in the Dungeon)

   It affects your intelligence (-2).
   It affects your resistance to hostile enchantments.
   It lets you blink.
   It increases your rate of regeneration.
 u - a +2 pair of boots (worn)
 v - a +1 helmet of intelligence (worn)
 M - a +1 pair of gloves of strength (worn)
Jewellery
 z - a +4 ring of protection (left hand)
 A - the ring "Kesu" (right hand) {rCorr Str+4}
   (You found it in the Dungeon)

   [ring of resist corrosion]

   It affects your strength (+4).
Wands
 g - a wand of acid (6/15)
 k - a wand of disintegration (1/24)
 I - a wand of lightning (7/15)
Scrolls
 c - 2 scrolls of amnesia
 h - a scroll of holy word
 l - a scroll of fear
 m - 3 scrolls of immolation
 r - 2 scrolls of remove curse
 C - 2 scrolls of silence
Potions
 d - 3 potions of curing
 D - a potion of berserk rage
 F - a potion of cancellation
 H - a potion of mutation
 L - 2 potions of might
Books
 b - the Incunabulum of Earthen Dark Rites
   (You found it in the Dungeon)

   Spells                             Type                      Level
   a - Sandblast                      Earth                        1
   b - Pain                           Necromancy                   1
   c - Stone Arrow                    Conjuration/Earth            3
   d - Vampiric Draining              Necromancy                   3
   e - Bolt of Magma                  Conjuration/Fire/Earth       5
 f - a Young Poisoner's Handbook

   Spells                             Type                      Level
   a - Sting                          Conjuration/Poison           1
   b - Poisonous Vapours              Poison/Air                   2
   c - Mephitic Cloud                 Conjuration/Poison/Air       3
   d - Olgreb's Toxic Radiance        Poison                       4
   e - Venom Bolt                     Conjuration/Poison           5
Comestibles
 n - 6 fruits
 N - 2 bread rations
 O - 23 royal jellies


   Skills:
 + Level 9.5 Fighting
 + Level 11.2 Short Blades
 + Level 9.5 Armour
 + Level 13.3 Dodging
 - Level 2.4 Stealth
 + Level 4.6 Shields
 * Level 20.6 Spellcasting
 + Level 13.3 Conjurations
 + Level 13.5 Fire Magic
 + Level 8.6 Ice Magic
 + Level 11.2 Air Magic
 + Level 12.1 Poison Magic


You had one spell level left.
You knew the following spells:

 Your Spells              Type           Power        Failure   Level  Hunger
a - Flame Tongue          Conj/Fire      #####        0%          1    None
b - Throw Flame           Conj/Fire      ######       0%          2    None
c - Conjure Flame         Conj/Fire      #######.     0%          3    None
d - Inner Flame           Hex/Fire       ######..     1%          3    None
e - Ignite Poison         Fire/Tmut/Pois #######.     1%          3    None
f - Sticky Flame          Conj/Fire      #######.     1%          4    None
g - Fireball              Conj/Fire      #######...   1%          5    None
h - Bolt of Magma         Conj/Fire/Erth #######...   1%          5    None
i - Bolt of Cold          Conj/Ice       #######...   1%          6    None
j - Freezing Cloud        Conj/Ice/Air   #######...   1%          6    None
k - Mephitic Cloud        Conj/Pois/Air  #######.     0%          3    None
l - Venom Bolt            Conj/Pois      #######...   1%          5    None
m - Poison Arrow          Conj/Pois      #######...   1%          6    None


Dungeon Overview and Level Annotations

Branches:
Dungeon (1/1)

Altars:
Cheibriados
Dithmenos
Elyvilon
Fedhas
Gozag
Hepliaklqana
Kikubaaqudgha
Makhleb
Nemelex Xobeh
Okawaru
Qazlal
Ru
Sif Muna
Trog
Uskayaw
Vehumet
Wu Jian
Xom
Yredelemnul
Zin
The Shining One
Beogh
Jiyva
Lugonu

Shops:
D !=[[!=[(?:(}!%:=%}

Annotations:
D exclusions: 5 doors and 2 more exclusions, Lernaean hydra


Innate Abilities, Weirdness & Mutations

You are partially covered in iridescent scales. (AC +2)
You are partially covered in rugged brown scales. (AC +1, +3% HP)
You possess an exceptional clarity of mind.
Your mind is acute. (Int +2)


Message History

You see here 2 javelins of penetration.
The merfolk javelineer throws a javelin of penetration.
The javelin of penetration pierces through you!
* * * LOW HITPOINT WARNING * * *
You see here a javelin of penetration.
Unknown command.
Unknown command.
Unknown command.
Okay, then.
Unknown command.
Okay, then.
Unknown command.
You feel yourself speed up.
The merfolk javelineer throws a javelin of penetration.
The javelin of penetration pierces through you but does no damage.
You enter the shallow water.
Moving in this stuff is going to be slow.
The merfolk javelineer throws a javelin of penetration.
The javelin of penetration pierces through you!!
You die...

.♣♣ ♣...##.##.#≈≈≈≈≈...#!.#...#.
#+♣ ♣♣.##.##.##+≈≈≈≈≈####+#####.
..♣ ♣..#.##..)#≈≈...§§§).#....)
###♣♣ ♣♣.##.##..#≈(.+#######...).
..PP♣ ♣♣.##.#####...#.)..).#....P
...P♣ ♣.....##(.)...#♣♣♣._.#...)P
+#### ########'#############+####
.♣♣ **,,,,,*▓≈(≈≈≈≈≈≈≈≈≈≈▓#.....
♣.♣ *,,,,,,,▓≈≈@≈≈≈≈≈≈≈≈≈▓#.####
♣.♣♣*******,,▓≈≈≈(.≈≈≈≈≈..▓#.#,,,
♣...**,,,,*,,▓≈≈.÷.((((...▓#.#,,,
♣.♣♣,*,,,,*,,▓≈≈≈..≈≈≈≈≈..▓#.#,,,
♣÷♣♣,*,,,,*,,▓≈≈≈≈≈≈≈≈≈≈..▓#.#,,,
.≈..,*,,≈**,,▓≈≈≈≈≈≈≈≈≈≈(.▓#.#,##
♣....≈****,,,▓..≈≈≈≈≈≈≈≈≈≈▓#.#+#.
*....,≈,,≈,,,▓...≈≈≈≈≈≈m≈≈▓#.#..§
...≈...D..≈,,▓....≈≈≈≈≈≈≈.▓#.#..§


You could see a merfolk javelineer.

Vanquished Creatures
  Rupert (D)
  A deep elf blademaster (D)
  Polyphemus (D)
  Harold (D)
  Ilsuiw (D)
  3 deep elf demonologists (D)
  A deep elf annihilator (D)
  A deep elf death mage (D)
  A deep elf high priest (D)
  Erolcha (D)
  3 hydras (D)
  4 death yaks (D)
  Urug (D)
  3 deep elf knights (D)
  A death drake (D)
  An orange crystal statue (D)
  A spriggan druid (D)
  A swamp dragon (D)
  Joseph (D)
  A lindwurm (D)
  2 orc sorcerers (D)
  3 deep elf magi (D)
  An elephant (D)
  2 black mambas (D)
  2 spiny frogs (D)
  A rime drake (D)
  A komodo dragon (D)
  A queen bee (D)
  2 tyrant leeches (D)
  3 wandering mushrooms (D)
  3 orc high priests (D)
  8 blink frogs (D)
  2 dream sheep (D)
  5 redbacks (D)
  2 spriggans (D)
  A shadow (D)
  A spatial vortex (D)
  2 hydra simulacra (D)
  3 swamp drakes (D)
  A fire dragon simulacrum (D)
  3 orc warriors (D)
  A necrophage (D)
  5 two-headed ogres (D)
  A water elemental (D)
  31 killer bees (D)
  An electric eel (D)
  A jelly (D)
  A wizard (D)
  3 orc priests (D)
  3 orc wizards (D)
  Jessica (D)
  A necromancer (D)
  A wolf simulacrum (D)
  3 humans (D)
  A kobold demonologist (D)
  A wolf (D)
  An ooze (D)
  8 orcs (D)
  2 rats (D)
  6 plants (D)
150 creatures vanquished.

Vanquished Creatures (collateral kills)
  A killer bee (D)
1 creature vanquished.

Vanquished Creatures (others)
  An iron dragon (D)
  2 draconian scorchers (D)
  An iron elemental (D)
  3 rust devils (D)
  6 hellions (D)
  2 yaktaurs (D)
  10 plants (D)
25 creatures vanquished.

Grand Total: 176 creatures vanquished

Notes
Turn   | Place    | Note
-------+----------+-------------------------------------------
     0 | D        | Kidiri the Deep Elf Fire Elementalist began the quest for the Orb.
     0 | D        | Reached XP level 1. HP: 10/10 MP: 6/6
    15 | D        | Reached skill level 4 in Spellcasting
    34 | D        | Noticed Jessica
    36 | D        | Killed Jessica
    36 | D        | Reached skill level 6 in Spellcasting
    36 | D        | Reached XP level 2. HP: 15/15 MP: 3/11
    36 | D        | Reached XP level 3. HP: 19/19 MP: 3/12
    42 | D        | Learned a level 2 spell: Throw Flame
    46 | D        | Learned a level 3 spell: Conjure Flame
    50 | D        | Learned a level 3 spell: Inner Flame
    73 | D        | Killed a yaktaur
   132 | D        | Reached skill level 7 in Spellcasting
   132 | D        | Reached skill level 5 in Fire Magic
   152 | D        | Gained mutation: Your magical capacity is low. (-10% MP) [potion of mutation]
   152 | D        | Gained mutation: You are partially covered in yellow scales. (AC +2) [potion of mutation]
   152 | D        | Gained mutation: Your spells are a little harder to cast, but a little more powerful. [potion of mutation]
   152 | D        | Gained mutation: You are mostly covered in yellow scales. (AC +3) [potion of mutation]
   152 | D        | Killed a hellion
   153 | D        | Lost mutation: Your spells are a little harder to cast, but a little more powerful. [potion of mutation]
   153 | D        | Lost mutation: You are mostly covered in yellow scales. (AC +3) [potion of mutation]
   153 | D        | Lost mutation: You are partially covered in yellow scales. (AC +2) [potion of mutation]
   153 | D        | Lost mutation: Your magical capacity is low. (-10% MP) [potion of mutation]
   153 | D        | Gained mutation: Your mind is acute. (Int +2) [potion of mutation]
   153 | D        | Gained mutation: You are partially covered in iridescent scales. (AC +2) [potion of mutation]
   153 | D        | Gained mutation: You are partially covered in rugged brown scales. (AC +1, +3% HP) [potion of mutation]
   153 | D        | Gained mutation: You possess an exceptional clarity of mind. [potion of mutation]
   191 | D        | Killed a hellion
   191 | D        | Killed a white draconian scorcher
   192 | D        | Killed a hellion
   193 | D        | Killed a hellion
   196 | D        | Killed a white draconian scorcher
   227 | D        | Killed a hellion
   228 | D        | Killed a hellion
   286 | D        | Killed a yaktaur
   297 | D        | Noticed a water elemental
   301 | D        | Killed a water elemental
   301 | D        | Reached skill level 9 in Spellcasting
   301 | D        | Reached skill level 5 in Conjurations
   301 | D        | Reached XP level 4. HP: 24/24 MP: 10/17
   308 | D        | Learned a level 4 spell: Sticky Flame
   345 | D        | Found a radiant altar of Vehumet.
   346 | D        | Found a deep blue altar of Sif Muna.
   346 | D        | Found an ancient bone altar of Kikubaaqudgha.
   346 | D        | Noticed a wizard
   347 | D        | Noticed an orange demon
   348 | D        | Killed a wizard
   348 | D        | Reached XP level 5. HP: 20/28 MP: 14/19
   352 | D        | Reached skill level 10 in Spellcasting
   365 | D        | Learned a level 5 spell: Fireball
   369 | D        | Learned a level 3 spell: Mephitic Cloud
   372 | D        | Became a worshipper of Vehumet
   482 | D        | Found a glowing silver altar of Zin.
   483 | D        | Found a glowing golden altar of the Shining One.
   483 | D        | Found a white marble altar of Elyvilon.
   483 | D        | Noticed a deep elf mage
   491 | D        | Killed a deep elf mage
   491 | D        | Reached skill level 11 in Spellcasting
   491 | D        | Reached XP level 6. HP: 19/37 MP: 11/22
   491 | D        | Reached XP level 7. HP: 21/41 MP: 12/24
   640 | D        | Found an ornate altar of the Wu Jian Council.
   640 | D        | Found a roughly hewn altar of Beogh.
   640 | D        | Found an iron altar of Okawaru.
   640 | D        | Found a bloodstained altar of Trog.
   640 | D        | Found a hide-covered altar of Uskayaw.
   640 | D        | Noticed a human
   640 | D        | Noticed a human
   644 | D        | Killed a human
   644 | D        | Reached skill level 5 in Dodging
   644 | D        | Reached skill level 12 in Spellcasting
   653 | D        | Killed a human
   653 | D        | Reached * piety under Vehumet
   653 | D        | Offered knowledge of Shock by Vehumet.
   759 | D        | Found a basalt altar of Yredelemnul.
   759 | D        | Found a shadowy altar of Dithmenos.
   759 | D        | Found a sacrificial altar of Ru.
   911 | D        | Noticed a shadow
   915 | D        | Killed a shadow
   915 | D        | Offered knowledge of Freeze by Vehumet.
   915 | D        | Reached ** piety under Vehumet
   915 | D        | Reached XP level 8. HP: 47/47 MP: 17/26
   982 | D        | Found a blossoming altar of Fedhas.
   982 | D        | Found a stormy altar of Qazlal.
   982 | D        | Found a snail-covered altar of Cheibriados.
   982 | D        | Found a burning altar of Makhleb.
   982 | D        | Found a shimmering altar of Xom.
   983 | D        | Found a hazy altar of Hepliaklqana.
   983 | D        | Found an opulent altar of Gozag.
   983 | D        | Found a sparkling altar of Nemelex Xobeh.
   983 | D        | Found a corrupted altar of Lugonu.
   983 | D        | Found a viscous altar of Jiyva.
  1000 | D        | Reached skill level 13 in Spellcasting
  1091 | D        | Offered knowledge of Ignite Poison by Vehumet.
  1091 | D        | Reached skill level 5 in Poison Magic
  1091 | D        | Reached *** piety under Vehumet
  1206 | D        | Learned a level 3 spell: Ignite Poison
  1296 | D        | Noticed a two-headed ogre
  1302 | D        | Killed a two-headed ogre
  1302 | D        | Offered knowledge of Static Discharge by Vehumet.
  1302 | D        | Reached skill level 5 in Short Blades
  1302 | D        | Reached skill level 5 in Air Magic
  1477 | D        | Noticed a two-headed ogre
  1477 | D        | Noticed Erolcha
  1487 | D        | Killed Erolcha
  1487 | D        | Reached skill level 14 in Spellcasting
  1487 | D        | Reached XP level 9. HP: 53/53 MP: 15/29
  1494 | D        | Killed a two-headed ogre
  1494 | D        | Reached **** piety under Vehumet
  1644 | D        | Offered knowledge of Bolt of Draining by Vehumet.
  1644 | D        | Reached skill level 5 in Fighting
  1644 | D        | Reached skill level 5 in Armour
  1782 | D        | Noticed a queen bee
  1787 | D        | Reached ***** piety under Vehumet
  1787 | D        | Offered knowledge of Iskenderun's Battlesphere by Vehumet.
  1794 | D        | Killed a queen bee
  1798 | D        | Reached skill level 15 in Spellcasting
  1948 | D        | Offered knowledge of Poison Arrow by Vehumet.
  1948 | D        | Reached XP level 10. HP: 41/60 MP: 27/31
  1951 | D        | Reached skill level 10 in Fire Magic
  1964 | D        | Reached ****** piety under Vehumet
  2152 | D        | Learned a level 6 spell: Poison Arrow
  2252 | D        | Noticed a spiny frog
  2252 | D        | Noticed a spiny frog
  2256 | D        | Killed a spiny frog
  2256 | D        | Offered knowledge of Venom Bolt by Vehumet.
  2257 | D        | Killed a spiny frog
  2257 | D        | Reached skill level 10 in Conjurations
  2259 | D        | Reached skill level 16 in Spellcasting
  2600 | D        | Noticed a lindwurm
  2601 | D        | Killed a lindwurm
  2646 | D        | Learned a level 5 spell: Venom Bolt
  2655 | D        | Noticed Urug
  2660 | D        | Killed Urug
  2660 | D        | Offered knowledge of Conjure Ball Lightning by Vehumet.
  2660 | D        | Reached XP level 11. HP: 67/67 MP: 18/33
  2797 | D        | Reached skill level 10 in Dodging
  3111 | D        | Offered knowledge of Bolt of Cold by Vehumet.
  3111 | D        | Reached skill level 17 in Spellcasting
  3119 | D        | Learned a level 6 spell: Bolt of Cold
  3156 | D        | Noticed Rupert
  3162 | D        | Killed Rupert
  3227 | D        | Noticed a death yak
  3228 | D        | Noticed a death yak
  3230 | D        | Noticed a death yak
  3231 | D        | Noticed a death yak
  3232 | D        | Killed a death yak
  3233 | D        | Killed a death yak
  3236 | D        | Killed a death yak
  3237 | D        | Killed a death yak
  3344 | D        | Offered knowledge of Freezing Cloud by Vehumet.
  3344 | D        | Reached skill level 18 in Spellcasting
  3345 | D        | Reached skill level 10 in Poison Magic
  3352 | D        | Noticed an azure jelly
  3352 | D        | Noticed an azure jelly
  3356 | D        | Noticed an azure jelly
  3356 | D        | Noticed an azure jelly
  3419 | D        | Noticed a swamp dragon
  3419 | D        | Noticed a swamp dragon
  3423 | D        | Noticed a swamp dragon
  3668 | D        | Found Cigeycs's Distillery.
  3668 | D        | Found Wirroagh's Jewellery Boutique.
  3668 | D        | Noticed a swamp dragon
  3673 | D        | Killed a swamp dragon
  3673 | D        | Reached XP level 12. HP: 62/75 MP: 14/36
  3686 | D        | Noticed the 27-headed Lernaean hydra
  3807 | D        | Learned a level 6 spell: Freezing Cloud
  3809 | D        | Found Lutoyve's Armour Emporium.
  3811 | D        | Offered knowledge of Orb of Destruction by Vehumet.
  3943 | D        | Bought a +0 pair of boots for 58 gold pieces
  3943 | D        | Bought a +1 helmet of intelligence for 214 gold pieces
  3943 | D        | Bought a +3 leather armour of poison resistance for 273 gold pieces
  3992 | D        | Reached skill level 5 in Ice Magic
  3994 | D        | Offered knowledge of Fire Storm by Vehumet.
  3994 | D        | Offered knowledge of Shatter by Vehumet.
  3994 | D        | Offered knowledge of Ignition by Vehumet.
  4009 | D        | Noticed a deep elf annihilator
  4010 | D        | Noticed a deep elf demonologist
  4045 | D        | Noticed a Tzitzimitl
  4085 | D        | Noticed a deep elf demonologist
  4141 | D        | Noticed a deep elf death mage
  4143 | D        | Killed a deep elf demonologist
  4143 | D        | Killed a deep elf death mage
  4143 | D        | Reached skill level 10 in Short Blades
  4143 | D        | Reached skill level 1 in Shields
  4143 | D        | Reached skill level 19 in Spellcasting
  4143 | D        | Reached skill level 10 in Air Magic
  4144 | D        | Killed a deep elf demonologist
  4145 | D        | Killed a deep elf annihilator
  4146 | D        | Noticed a deep elf blademaster
  4148 | D        | Killed a deep elf blademaster
  4212 | D        | Noticed a deep elf demonologist
  4213 | D        | Noticed a deep elf high priest
  4213 | D        | Killed a deep elf high priest
  4217 | D        | Killed a deep elf demonologist
  4395 | D        | Got a glittering golden ring
  4396 | D        | Got a slimy great sword {slice}
  4397 | D        | Killed an iron elemental
  4405 | D        | Killed an iron dragon
  4422 | D        | Got a brightly glowing great mace {freeze}
  4422 | D        | Got an ancient ring mail
  4433 | D        | Got a fine bone ring
  4435 | D        | Identified the Incunabulum of Earthen Dark Rites
  4499 | D        | Identified the cursed +1 ring mail of Melancholy {+Blink MR- Regen+ Int-2} (You took it off a deep elf high priest in the Dungeon)
  4507 | D        | Identified the ring "Wudi" {rN+ MR+ Int-2 Dex+4} (You took it off a deep elf demonologist in the Dungeon)
  4508 | D        | Identified the ring "Kesu" {rCorr Str+4} (You found it in the Dungeon)
  4516 | D        | Identified the +6 great sword of Cymeuxie {slice, rN+} (You took it off a deep elf demonologist in the Dungeon)
  4517 | D        | Identified the +7 great mace of Afefraw {freeze, *Drain +Blink rF++ rC+} (You took it off a deep elf high priest in the Dungeon)
  4701 | D        | Noticed Harold
  4701 | D        | Noticed Joseph
  4709 | D        | Killed Harold
  4709 | D        | Reached XP level 13. HP: 73/82 MP: 12/38
  4710 | D        | Killed Joseph
  5119 | D        | Reached skill level 20 in Spellcasting
  5130 | D        | Found Wuphi's Gadget Emporium.
  5130 | D        | Found Jaufucs's Food Shop.
  5130 | D        | Found Qoosis's Gadget Shoppe.
  5130 | D        | Found Miuhu's Weapon Boutique.
  5130 | D        | Found Codyadgh's Distillery.
  5130 | D        | Found Xyheocuo's Food Shop.
  5130 | D        | Found Elu Ojua's Jewellery Emporium.
  5130 | D        | Found Waytopn's Book Boutique.
  5131 | D        | Found Zioplutz's Book Boutique.
  5131 | D        | Found Eloocuyl's Magic Scroll Shoppe.
  5131 | D        | Found Igyox's Antique Weapon Shop.
  5131 | D        | Found Neurhaott's Antique Armour Emporium.
  5174 | D        | Bought a translucent leather armour for 161 gold pieces
  5184 | D        | Identified the cursed +0 leather armour of Xuhav {Str+6} (You bought it in a shop in the Dungeon)
  5184 | D        | Bought a transparent robe for 131 gold pieces
  5195 | D        | Identified the +1 robe of Dibby {Str+3 Int+4 Dex-5} (You bought it in a shop in the Dungeon)
  5200 | D        | Bought a scroll of enchant armour for 90 gold pieces
  5200 | D        | Bought a scroll of identify for 24 gold pieces
  5200 | D        | Bought a scroll of identify for 24 gold pieces
  5200 | D        | Bought a scroll of enchant armour for 90 gold pieces
  5200 | D        | Bought a scroll of identify for 24 gold pieces
  5200 | D        | Bought a scroll of enchant weapon for 90 gold pieces
  5207 | D        | Bought a scroll of magic mapping for 42 gold pieces
  5214 | D        | Learned a level 5 spell: Bolt of Magma
  5352 | D        | Got a polished quarterstaff
  5375 | D        | Identified the +4 quarterstaff of Dominance {drain, +Fly Dex+3} (You found it in the Dungeon)
  5462 | D        | Found a blossoming altar of Fedhas.
  5663 | D        | Noticed Polyphemus
  5670 | D        | Killed Polyphemus
  5732 | D        | Noticed Ilsuiw
  5769 | D        | Killed Ilsuiw
  5966 | D        | Found Sekadeg's Antique Armour Emporium.
  5972 | D        | Found Noimm's Distillery.
  5973 | D        | Found Cobb's Jewellery Shoppe.
  5974 | D        | Noticed a merfolk javelineer
  5985 | D        | Hit by a javelin of penetration thrown by a merfolk javelineer

Vault maps used:
D:        dungeon_sprint_mu

Skill      XL: |  1  2  3  4  5  6  7  8  9 10 11 12 13 |
---------------+----------------------------------------+-----
Spellcasting   | 6 9 11 12 14 15 16 18 19 20 | 20.6
Conjurations   | 3 5 7 8 9 10 11 12 13 | 13.3
Fire Magic     | 4 6 7 8 9 10 11 13 | 13.5
Fighting       | 2 3 4 5 6 7 9 |  9.5
Short Blades   | 3 4 5 6 8 9 10 11 | 11.2
Armour         | 2 3 4 5 6 7 9 |  9.5
Dodging        | 4 5 7 8 9 11 12 13 | 13.3
Air Magic      | 3 4 5 6 7 9 10 11 | 11.2
Poison Magic   | 3 4 6 7 8 10 11 12 | 12.1
Ice Magic      | 4 7 8 |  8.6
Shields        | 3 4 |  4.6
Stealth        | |  2.4

Action                   |  1- 3 |  4- 6 |  7- 9 | 10-12 | 13-15 || total
-------------------------+-------+-------+-------+-------+-------++-------
Melee: Dagger            |       |       |     4 |     6 |       ||    10
       Short sword       |       |       |       |       |    80 ||    80
 Cast: Flame Tongue      |    17 |     3 |    57 |    18 |       ||    95
       Throw Flame       |     3 |       |       |       |     4 ||     7
       Conjure Flame     |     1 |       |     8 |     5 |     1 ||    15
       Sticky Flame      |       |     3 |     8 |    12 |     2 ||    25
       Mephitic Cloud    |       |     1 |     2 |     4 |       ||     7
       Inner Flame       |       |       |    15 |     2 |       ||    17
       Ignite Poison     |       |       |     1 |    11 |     2 ||    14
       Fireball          |       |       |     1 |    12 |     5 ||    18
       Poison Arrow      |       |       |       |    22 |     6 ||    28
       Venom Bolt        |       |       |       |    12 |    11 ||    23
       Bolt of Cold      |       |       |       |    15 |     5 ||    20
       Freezing Cloud    |       |       |       |     3 |     3 ||     6
       Bolt of Magma     |       |       |       |       |    17 ||    17
  Use: Potion            |     4 |     2 |       |     3 |     3 ||    12
       Scroll            |       |       |     2 |     2 |    12 ||    16
 Stab: Sleeping          |       |       |       |     1 |       ||     1
  Eat: Chunk             |       |       |     2 |     4 |     1 ||     7
       Fruit             |       |       |     1 |       |       ||     1
       Royal jelly       |       |       |       |     4 |     1 ||     5
Armor: Robe              |     1 |       |     3 |     4 |     7 ||    15
       Ring mail         |       |       |       |       |    12 ||    12
Dodge: Dodged            |     2 |     6 |    14 |    43 |    40 ||   105
Block: Buckler           |       |       |       |     1 |    19 ||    20

Table legend:
 A = Spawn XP
 B = Non-spawn XP
 C = Spawn XP percentage of total XP
 D = Spawn monster count
 E = Non-spawn monster count
 F = Spawn count percentage of total count
 G = Total turns spent on level
                    A         B        C        D         E        F      G
               +---------+---------+-------+---------+---------+-------+---------
         Total |       0 |   52405 |   0.0 |       0 |     145 |   0.0 |  5985
               +---------+---------+-------+---------+---------+-------+---------
             D |       0 |   52405 |   0.0 |       0 |     145 |   0.0 |  5985
               +---------+---------+-------+---------+---------+-------+---------
